TOP OF THE 1ST |
Delmarva Shorebirds batting - Pitching for Hickory Crawdads : RHP Jeff Kidd
|
Pitching: RHP Jeff Kidd
|
|
Batting: RHB Orlando Melchor
|
0-0: SINGLE (Groundball, 6MD, EV 104.4 MPH)
|
Batting: LHB Jose Bethancourt
|
0-0: Called Strike 0-1: Ball 1-1: Ball 2-1: Grounds into double play, 6-4-3 (Groundball, 6M, EV 108.1 MPH)
|
Batting: RHB Chase Cassidy
|
0-0: Ball 1-0: SINGLE (Groundball, 4MS, EV 70.0 MPH) (infield hit)
|
Batting: LHB Pat Shaddock
|
0-0: Ball 1-0: Ball 2-0: Foul Ball, location: 2F 2-1: Ball 3-1: 2-RUN HOME RUN (Flyball, 7D, EV 103.1 MPH), Distance : 383 ft
|
Batting: RHB Longfellow Wetzler
|
0-0: DOUBLE (Line Drive, 9LM, EV 93.1 MPH)
|
Pinch Runner at 2nd Michel Kamphuis:
|
|
Batting: LHB Momoru Yasui
|
0-0: Ball 1-0: Ball 2-0: Ball 3-0: Called Strike 3-1: SINGLE (Flyball, 9S, EV 95.6 MPH) Michel Kamphuis to third Runner from 3rd tries for Home, SAFE, throw by RF to home
|
Batting: RHB Willie Manrique
|
0-0: Called Strike 0-1: Ball 1-1: Ball 2-1: Foul Ball, location: 2F 2-2: Foul Ball, location: 2F 2-2: Ball 3-2: Ground out 6-3 (Groundball, 6MS, EV 83.1 MPH)
|
Top of the 1st over - 3 runs, 5 hits, 0 errors, 1 left on base; Delmarva 3 - Hickory 0 |
BOTTOM OF THE 1ST |
Hickory Crawdads batting - Pitching for Delmarva Shorebirds : RHP Jose Rico
|
Pitching: RHP Jose Rico
|
|
Now in LF: Michel Kamphuis
|
|
Now in CF: Orlando Melchor
|
|
Batting: RHB Zhi-bin Ou-yang
|
0-0: Ball 1-0: Swinging Strike 1-1: SINGLE (Popup, 6D, EV 56.9 MPH)
|
Batting: LHB Casper Kersten
|
0-0: Ball Zhi-bin Ou-yang is caught stealing 2nd base 2-6 1-0: SINGLE (Flyball, 6D, EV 91.2 MPH)
|
Batting: RHB Doug Hammertime
|
0-0: Called Strike Casper Kersten is caught stealing 2nd base 2-4 0-1: Foul Ball, location: 2F 0-2: Foul Ball, location: 2F 0-2: Ball 1-2: Ball 2-2: Ball 3-2: Foul Ball, location: 2F 3-2: Foul Ball, location: 2F 3-2: DOUBLE (Groundball, 3L, EV 93.8 MPH)
|
Batting: SHB Rich Rubio
|
0-0: Ball 1-0: Called Strike 1-1: Fly out, F9 (Flyball, 9S, EV 84.4 MPH)
|
Bottom of the 1st over - 0 runs, 3 hits, 0 errors, 1 left on base; Delmarva 3 - Hickory 0 |
TOP OF THE 2ND |
Delmarva Shorebirds batting - Pitching for Hickory Crawdads : RHP Jeff Kidd
|
Batting: SHB Eric Tiehen
|
0-0: Ground out 6-3 (Groundball, 6, EV 88.1 MPH)
|
Batting: RHB Mario Luna
|
0-0: Ball 1-0: Swinging Strike 1-1: Ball 2-1: Foul Ball, location: 2F 2-2: SINGLE (Groundball, 25, EV 65.0 MPH) (infield hit)
|
Batting: RHB Orlando Melchor
|
0-0: Ball 1-0: Ball 2-0: Ball 3-0: Called Strike 3-1: Grounds into double play, 6-4-3 (Groundball, 6, EV 78.1 MPH)
|
Top of the 2nd over - 0 runs, 1 hit, 0 errors, 0 left on base; Delmarva 3 - Hickory 0 |
BOTTOM OF THE 2ND |
Hickory Crawdads batting - Pitching for Delmarva Shorebirds : RHP Jose Rico
|
Batting: RHB David Rodgers
|
0-0: Called Strike 0-1: Swinging Strike 0-2: Ball 1-2: Ball 2-2: Hit by Pitch
|
Batting: LHB Mike Sammons
|
0-0: Ball 1-0: Ball 2-0: Ball 3-0: Base on Balls David Rodgers to second
|
Batting: LHB Antonio Domingues
|
0-0: Foul Ball, location: 2F 0-1: Ball 1-1: Ball 2-1: Called Strike 2-2: Foul Ball, location: 2F 2-2: Ground out 6-3 (Groundball, 6MS, EV 91.2 MPH) David Rodgers to third Mike Sammons to second
|
Batting: RHB Adryão Anto
|
0-0: Ball 1-0: Foul Ball, location: 2F 1-1: Swinging Strike 1-2: Ball 2-2: Foul Ball, location: 2F 2-2: Fly out, F9 (Flyball, 9LM, EV 91.2 MPH)
|
Batting: SHB Isaiah Cherry
|
0-0: Called Strike 0-1: Foul Ball, location: 2F 0-2: Foul Ball, location: 2F 0-2: Strikes out looking
|
Bottom of the 2nd over - 0 runs, 0 hits, 0 errors, 2 left on base; Delmarva 3 - Hickory 0 |
TOP OF THE 3RD |
Delmarva Shorebirds batting - Pitching for Hickory Crawdads : RHP Jeff Kidd
|
Batting: LHB Jose Bethancourt
|
0-0: Ball 1-0: Ball 2-0: Ball 3-0: Called Strike 3-1: Called Strike 3-2: Foul Ball, location: 2F 3-2: SOLO HOME RUN (Flyball, 9LD, EV 93.1 MPH), Distance : 343 ft
|
Batting: RHB Chase Cassidy
|
0-0: Ball 1-0: Fly out, F2 (Popup, 5SF, EV 85.0 MPH)
|
Batting: LHB Pat Shaddock
|
0-0: Swinging Strike 0-1: Foul Ball, location: 2F 0-2: Ball 1-2: Foul Ball, location: 2F 1-2: Foul Ball, location: 2F 1-2: Ball 2-2: Fly out, F8 (Flyball, 8LXD, EV 108.8 MPH)
|
Batting: RHB Michel Kamphuis
|
0-0: Foul Ball, location: 2F 0-1: Called Strike 0-2: Ball 1-2: Ball 2-2: Ball 3-2: Base on Balls
|
Batting: LHB Momoru Yasui
|
0-0: Ball 1-0: Foul Ball, location: 2F 1-1: Ball Michel Kamphuis steals 2nd base 2-1: Ground out U3 (Groundball, 3L, EV 91.9 MPH)
|
Top of the 3rd over - 1 run, 1 hit, 0 errors, 1 left on base; Delmarva 4 - Hickory 0 |
BOTTOM OF THE 3RD |
Hickory Crawdads batting - Pitching for Delmarva Shorebirds : RHP Jose Rico
|
Batting: RHB Zhi-bin Ou-yang
|
0-0: Ball 1-0: Ground out 6-3 (Groundball, 6S, EV 87.5 MPH)
|
Batting: LHB Casper Kersten
|
0-0: Foul Ball, location: 2F 0-1: Fly out, F8 (Line Drive, 8LD, EV 110.0 MPH)
|
Batting: RHB Doug Hammertime
|
0-0: Fly out, F7 (Flyball, 7D, EV 98.8 MPH)
|
Bottom of the 3rd over - 0 runs, 0 hits, 0 errors, 0 left on base; Delmarva 4 - Hickory 0 |
TOP OF THE 4TH |
Delmarva Shorebirds batting - Pitching for Hickory Crawdads : RHP Jeff Kidd
|
Batting: RHB Willie Manrique
|
0-0: Ball 1-0: Ball 2-0: Swinging Strike 2-1: Ground out 6-3 (Groundball, 56, EV 103.8 MPH)
|
Batting: SHB Eric Tiehen
|
0-0: Called Strike 0-1: Swinging Strike 0-2: Ball 1-2: SOLO HOME RUN (Flyball, 8RXD, EV 114.4 MPH), Distance : 449 ft
|
Pitching: LHP Logan Benson
|
|
Batting: RHB Mario Luna
|
0-0: Foul Ball, location: 2F 0-1: Called Strike 0-2: Ball 1-2: Ground out 1-3 (Groundball, 15S, EV 70.6 MPH)
|
Batting: RHB Orlando Melchor
|
0-0: Ball 1-0: Swinging Strike 1-1: Ball 2-1: Foul Ball, location: 2F 2-2: Foul Ball, location: 2F 2-2: Ball 3-2: Foul Ball, location: 2F 3-2: Base on Balls
|
Batting: LHB Jose Bethancourt
|
0-0: Foul Ball, location: 2F 0-1: Ball 1-1: Ball Orlando Melchor is caught stealing 2nd base 2-6
|
Top of the 4th over - 1 run, 1 hit, 0 errors, 0 left on base; Delmarva 5 - Hickory 0 |
BOTTOM OF THE 4TH |
Hickory Crawdads batting - Pitching for Delmarva Shorebirds : RHP Jose Rico
|
Batting: SHB Rich Rubio
|
0-0: Swinging Strike 0-1: Ball 1-1: Foul Ball, location: 2F 1-2: SINGLE (Groundball, 6M, EV 98.1 MPH) (infield hit)
|
Batting: RHB David Rodgers
|
0-0: Called Strike 0-1: Foul Ball, location: 2F 0-2: Ball 1-2: Ball 2-2: Ball Balk! Rich Rubio to second 3-2: Fly out, F3 (Popup, 3SF, EV 78.8 MPH)
|
Batting: LHB Mike Sammons
|
0-0: Foul Ball, location: 2F 0-1: Called Strike 0-2: SINGLE (Line Drive, 56, EV 100.0 MPH) Rich Rubio to third
|
Batting: LHB Antonio Domingues
|
0-0: Called Strike 0-1: Fielders Choice at 2nd, 5-4 (Groundball, 5, EV 81.2 MPH) Rich Rubio scores
|
Batting: RHB Adryão Anto
|
0-0: Foul Ball, location: 2F 0-1: Ball 1-1: Ground out 5-3 (Groundball, 56S, EV 89.4 MPH)
|
Bottom of the 4th over - 1 run, 2 hits, 0 errors, 1 left on base; Delmarva 5 - Hickory 1 |
TOP OF THE 5TH |
Delmarva Shorebirds batting - Pitching for Hickory Crawdads : LHP Logan Benson
|
Batting: LHB Jose Bethancourt
|
0-0: Ball 1-0: Ground out 4-3 (Groundball, 4, EV 101.9 MPH)
|
DELAY
|
Rain delay of 40 minutes in the 5th inning.
|
Batting: RHB Chase Cassidy
|
0-0: Called Strike 0-1: Ball 1-1: Ball 2-1: Foul Ball, location: 2F 2-2: Ball 3-2: Base on Balls
|
Batting: LHB Pat Shaddock
|
0-0: Grounds into double play, 5-4-3 (Groundball, 5, EV 77.5 MPH)
|
Top of the 5th over - 0 runs, 0 hits, 0 errors, 0 left on base; Delmarva 5 - Hickory 1 |
BOTTOM OF THE 5TH |
Hickory Crawdads batting - Pitching for Delmarva Shorebirds : RHP Jose Rico
|
Batting: SHB Isaiah Cherry
|
0-0: Foul Ball, location: 2F 0-1: Called Strike 0-2: Foul Ball, location: 2F 0-2: Ball 1-2: Ball 2-2: Ball 3-2: Foul Ball, location: 2F 3-2: Fly out, F7 (Flyball, 7D, EV 93.1 MPH)
|
Batting: RHB Zhi-bin Ou-yang
|
0-0: Ball 1-0: Called Strike 1-1: Ball 2-1: Ball 3-1: Base on Balls
|
Pitching: LHP Eric Bice
|
|
Pinch Hitting: RHB Garrison Feltham
|
0-0: Ball 1-0: Ball 2-0: Fly out, F5 (Popup, 56S, EV 86.2 MPH)
|
Batting: RHB Doug Hammertime
|
0-0: Ball 1-0: Foul Ball, location: 2F 1-1: Ball 2-1: Ball 3-1: Base on Balls Zhi-bin Ou-yang to second
|
Batting: SHB Rich Rubio
|
0-0: Foul Ball, location: 2F 0-1: Foul Ball, location: 2F 0-2: Ball 1-2: Ball 2-2: Ball 3-2: Strikes out swinging
|
Bottom of the 5th over - 0 runs, 0 hits, 0 errors, 2 left on base; Delmarva 5 - Hickory 1 |
TOP OF THE 6TH |
Delmarva Shorebirds batting - Pitching for Hickory Crawdads : LHP Logan Benson
|
Now at 3B: Garrison Feltham
|
|
Batting: RHB Michel Kamphuis
|
0-0: Called Strike 0-1: Ball 1-1: Reached on error, E3 (Groundball, 3L, EV 79.4 MPH)
|
Batting: LHB Momoru Yasui
|
0-0: SINGLE (Flyball, 78S, EV 85.6 MPH) Michel Kamphuis to second
|
Batting: RHB Willie Manrique
|
0-0: Foul Ball, location: 2F 0-1: Foul Ball, location: 2F 0-2: Reached on error, E6 (Groundball, 6, EV 90.6 MPH) Michel Kamphuis to third Momoru Yasui to second
|
Batting: SHB Eric Tiehen
|
0-0: Swinging Strike 0-1: Fielders Choice at 2nd, 3-6 (Groundball, 34S, EV 88.1 MPH) Michel Kamphuis scores Momoru Yasui to third
|
Batting: RHB Mario Luna
|
0-0: Called Strike 0-1: Swinging Strike 0-2: Fly out, F5 (Line Drive, 5, EV 65.6 MPH)
|
Batting: RHB Orlando Melchor
|
0-0: Foul Ball, location: 2F 0-1: Swinging Strike 0-2: Ball 1-2: Ball 2-2: Reached on error, E1 (Groundball, 13S, EV 70.0 MPH) Momoru Yasui scores Eric Tiehen to second
|
Batting: LHB Jose Bethancourt
|
0-0: Ground out 4-3 (Groundball, 4, EV 95.6 MPH)
|
Top of the 6th over - 2 runs, 1 hit, 3 errors, 2 left on base; Delmarva 7 - Hickory 1 |
BOTTOM OF THE 6TH |
Hickory Crawdads batting - Pitching for Delmarva Shorebirds : LHP Eric Bice
|
Batting: RHB David Rodgers
|
0-0: Called Strike 0-1: Called Strike 0-2: Ball 1-2: Strikes out swinging
|
Batting: LHB Mike Sammons
|
0-0: Foul Ball, location: 2F 0-1: Foul Ball, location: 2F 0-2: Ground out 5-3 (Groundball, 56, EV 93.8 MPH)
|
Pinch Hitting: RHB Nate Calderin
|
0-0: Ground out 6-3 (Groundball, 6, EV 90.0 MPH)
|
Bottom of the 6th over - 0 runs, 0 hits, 0 errors, 0 left on base; Delmarva 7 - Hickory 1 |
TOP OF THE 7TH |
Delmarva Shorebirds batting - Pitching for Hickory Crawdads : LHP Logan Benson
|
Now in RF: Jose Baez
|
|
Batting: RHB Chase Cassidy
|
0-0: Ball 1-0: Foul Ball, location: 2F 1-1: Ball 2-1: Swinging Strike 2-2: Ball 3-2: Ground out 5-3 (Groundball, 5S, EV 73.8 MPH)
|
Pitching: RHP Seiichi Yamashita
|
|
Batting: LHB Pat Shaddock
|
0-0: Foul Ball, location: 2F 0-1: Ball 1-1: Hit by Pitch
|
Batting: RHB Michel Kamphuis
|
0-0: Ball 1-0: Called Strike 1-1: Ball 2-1: Foul Ball, location: 2F 2-2: Ball 3-2: Fielders Choice at 2nd, 1-6 (Groundball, 13, EV 63.8 MPH)
|
Batting: LHB Momoru Yasui
|
0-0: Called Strike 0-1: Fly out, F7 (Flyball, 7LD, EV 96.2 MPH)
|
Top of the 7th over - 0 runs, 0 hits, 0 errors, 1 left on base; Delmarva 7 - Hickory 1 |
BOTTOM OF THE 7TH |
Hickory Crawdads batting - Pitching for Delmarva Shorebirds : LHP Eric Bice
|
Batting: RHB Adryão Anto
|
0-0: Called Strike 0-1: Ball 1-1: Ball 2-1: Foul Ball, location: 2F 2-2: Foul Ball, location: 2F 2-2: Ground out 4-3 (Groundball, 4S, EV 76.9 MPH)
|
Pitching: RHP Toshiyuki Funaki
|
|
Batting: SHB Isaiah Cherry
|
0-0: Called Strike 0-1: Fly out, F2 (Popup, 13S, EV 87.5 MPH)
|
Batting: RHB Zhi-bin Ou-yang
|
0-0: Foul Ball, location: 2F 0-1: Ground out 5-3 (Groundball, 56S, EV 70.6 MPH)
|
Bottom of the 7th over - 0 runs, 0 hits, 0 errors, 0 left on base; Delmarva 7 - Hickory 1 |
TOP OF THE 8TH |
Delmarva Shorebirds batting - Pitching for Hickory Crawdads : RHP Seiichi Yamashita
|
Batting: RHB Willie Manrique
|
0-0: SOLO HOME RUN (Flyball, 7D, EV 101.9 MPH), Distance : 397 ft
|
Batting: SHB Eric Tiehen
|
0-0: Ball 1-0: Ball 2-0: Called Strike 2-1: Ball 3-1: Ground out 5-3 (Groundball, 56S, EV 68.1 MPH)
|
Batting: RHB Mario Luna
|
0-0: Swinging Strike 0-1: Swinging Strike 0-2: Strikes out swinging
|
Batting: RHB Orlando Melchor
|
0-0: Ball 1-0: Ball 2-0: Called Strike 2-1: Ground out 6-3 (Groundball, 6, EV 98.8 MPH)
|
Top of the 8th over - 1 run, 1 hit, 0 errors, 0 left on base; Delmarva 8 - Hickory 1 |
BOTTOM OF THE 8TH |
Hickory Crawdads batting - Pitching for Delmarva Shorebirds : RHP Toshiyuki Funaki
|
Batting: RHB Garrison Feltham
|
0-0: Foul Ball, location: 2F 0-1: Foul Ball, location: 2F 0-2: Ball 1-2: Ball 2-2: Ball 3-2: Fly out, F8 (Flyball, 8LXD, EV 95.6 MPH)
|
Batting: RHB Doug Hammertime
|
0-0: Called Strike 0-1: Fly out, F8 (Flyball, 8RM, EV 89.4 MPH)
|
Batting: SHB Rich Rubio
|
0-0: Foul Ball, location: 2F 0-1: Called Strike 0-2: Strikes out swinging
|
Bottom of the 8th over - 0 runs, 0 hits, 0 errors, 0 left on base; Delmarva 8 - Hickory 1 |
TOP OF THE 9TH |
Delmarva Shorebirds batting - Pitching for Hickory Crawdads : RHP Seiichi Yamashita
|
Batting: LHB Jose Bethancourt
|
0-0: Called Strike 0-1: Ball 1-1: Ball 2-1: Ground out 3-1 (Groundball, 34S, EV 67.5 MPH)
|
Batting: RHB Chase Cassidy
|
0-0: Ground out 6-3 (Groundball, 6S, EV 95.0 MPH)
|
Batting: LHB Pat Shaddock
|
0-0: Foul Ball, location: 2F 0-1: Called Strike 0-2: Foul Ball, location: 2F 0-2: Ball 1-2: Ball 2-2: Strikes out swinging
|
Top of the 9th over - 0 runs, 0 hits, 0 errors, 0 left on base; Delmarva 8 - Hickory 1 |
BOTTOM OF THE 9TH |
Hickory Crawdads batting - Pitching for Delmarva Shorebirds : RHP Toshiyuki Funaki
|
Batting: RHB David Rodgers
|
0-0: Ball 1-0: Swinging Strike 1-1: Ball 2-1: Foul Ball, location: 2F 2-2: Foul Ball, location: 2F 2-2: DOUBLE (Flyball, 8RXD, EV 112.5 MPH)
|
Batting: LHB Mike Sammons
|
0-0: Ground out 3-1 (Groundball, 34, EV 85.0 MPH) David Rodgers to third
|
Batting: LHB Jose Baez
|
0-0: Ball 1-0: 2-RUN HOME RUN (Flyball, 7D, EV 98.8 MPH), Distance : 386 ft
|
Batting: RHB Adryão Anto
|
0-0: Called Strike 0-1: Foul Ball, location: 2F 0-2: Ball 1-2: Ground out 6-3 (Groundball, 6, EV 90.6 MPH)
|
Batting: SHB Isaiah Cherry
|
0-0: Ball 1-0: Called Strike 1-1: Ground out 6-3 (Groundball, 6S, EV 79.4 MPH)
|
Bottom of the 9th over - 2 runs, 2 hits, 0 errors, 0 left on base; Delmarva 8 - Hickory 3 |
|